 Dungeon Crawl Stone Soup version 0.26-a0-812-g31a745ddcd (webtiles) character file.

Game seed: 10147539192496413927

11 vurker the Sneak (level 2, -6/20 HPs)
             Began as a Gnoll Enchanter on Dec 3, 2020.
             Killed by nerve-wracking pain
             ... invoked by Jessica
              (10 damage)
             ... on level 2 of the Dungeon.
             The game lasted 00:00:39 (915 turns).

vurker the Sneak (Gnoll Enchanter)                   Turns: 915, Time: 00:00:40

Health: -6/20      AC:  3    Str: 10    XL:     2   Next: 25%
Magic:  7/7        EV: 14    Int: 17    God:
Gold:   44         SH:  0    Dex: 15    Spells: 9/10 levels left

rFire    . . .     SeeInvis .   a - +1 dagger
rCold    . . .     Faith    .   (no shield)
rNeg     . . .     Spirit   .   b - +0 robe
rPois    .         Reflect  .   (no helmet)
rElec    .         Harm     .   (no cloak)
rCorr    .         Rampage  .   (no gloves)
MR       .....                  c - +0 pair of boots
Stlth    +++.......             (no amulet)
HPRegen  0.06/turn              (no ring)
MPRegen  0.10/turn              (no ring)

@: no status effects
A: distributed training, fangs 1, strong nose
a: no special abilities


You were on level 2 of the Dungeon.
You visited 1 branch of the dungeon, and saw 2 of its levels.

You collected 44 gold pieces.

Inventory:

Hand Weapons
 a - a +1 dagger (weapon)
Armour
 b - a +0 robe (worn)
 c - a +0 pair of boots (worn)
   (You found it on level 1 of the Dungeon)
Scrolls
 e - a scroll of identify {unknown}
 f - 2 scrolls of enchant weapon {unknown}
 g - a scroll of random uselessness {unknown}
Potions
 d - 2 potions of might {unknown}


   Skills:
 + Level 0.3 Fighting
 + Level 2.4 Short Blades
 + Level 0.3 Long Blades
 + Level 0.3 Axes
 + Level 0.3 Maces & Flails
 + Level 0.3 Polearms
 + Level 0.3 Staves
 + Level 0.3 Slings
 + Level 0.3 Bows
 + Level 0.3 Crossbows
 + Level 0.3 Throwing
 + Level 0.3 Armour
 + Level 4.4 Dodging
 + Level 5.9 Stealth
 + Level 0.3 Shields
 + Level 0.3 Unarmed Combat
 + Level 4.9 Spellcasting
 + Level 0.2 Conjurations
 + Level 5.3 Hexes
 + Level 0.2 Summonings
 + Level 0.2 Necromancy
 + Level 0.2 Translocations
 + Level 0.2 Transmutations
 + Level 0.2 Fire Magic
 + Level 0.2 Ice Magic
 + Level 0.2 Air Magic
 + Level 0.2 Earth Magic
 + Level 0.2 Poison Magic
 + Level 0.4 Invocations
 + Level 0.3 Evocations


You had 9 spell levels left.
You knew the following spells:

 Your Spells              Type           Power        Failure   Level
a - Corona                Hex            ###....      1%          1

Your spell library contained the following spells:

 Spells                   Type           Power        Failure   Level
 Confusing Touch          Hex            ###.....     4%          3
 Tukima's Dance           Hex            ###.....     4%          3
 Ensorcelled Hibernation  Hex/Ice        ##....       7%          2
 Dazzling Flash           Conj/Hex       ##....       14%         3


Dungeon Overview and Level Annotations

Branches:
Dungeon (2/15)

Altars:

Annotations:
D:2 Jessica


Innate Abilities, Weirdness & Mutations

Your experience applies equally to all skills.
You have very sharp teeth.
Your uncanny sense of smell can sniff out nearby items.


Message History

Search for what [Enter for "ego", or ? for help]?
Can't find anything matching that.
There is a stone staircase leading down here.
You climb downwards. 2 quokkas and a hobgoblin come into view.
Found a short sword and a sedimented silvery potion.
Found two stone staircases leading down and a stone staircase leading up.
There is a stone staircase leading up here.
A quokka comes into view.
The helpless hobgoblin fails to defend itself.
You impale the hobgoblin!!
You kill the hobgoblin!
An ooze comes into view.
You see here a +0 club.
The quokka barely misses you.
The quokka bites you but does no damage.
Found a fuming pink potion.
You closely miss the quokka. The quokka bites you.
You barely miss the quokka. The quokka bites you.
You barely miss the quokka. The quokka barely misses you.
You hit the quokka but do no damage. The quokka bites you.
You closely miss the quokka. You bite the quokka, but do no damage.
The quokka closely misses you.
You hit the quokka. Your bite misses the quokka. The quokka closely misses you.
You hit the quokka but do no damage. Your bite misses the quokka.
The quokka bites you. The ooze hits you.
You hit the quokka but do no damage. The quokka closely misses you.
You hit the quokka but do no damage. The ooze barely misses you.
The quokka bites you but does no damage.
You barely miss the quokka. The quokka barely misses you.
The ooze barely misses you. The quokka misses you.
You closely miss the quokka.
The quokka bites you but does no damage.
The ooze hits you. The quokka closely misses you.
You closely miss the quokka. The quokka bites you.
* * * LOW HITPOINT WARNING * * *
The quokka closely misses you. The ooze hits you.
* * * LOW HITPOINT WARNING * * *
The quokka barely misses you. The quokka closely misses you.
The quokka bites you.
* * * LOW HITPOINT WARNING * * *
The quokka twitches its whiskers.
Jessica the Apprentice Sorceress comes into view.
Jessica shouts!
The quokka barely misses you.
There is a stone staircase leading up here.
Jessica points at you and mumbles some strange words.
Pain shoots through your body!
Ouch! That really hurt!
You die...

.#.. ### ### ....#
... ... .....###.#
#.# .......#.####.#
...........##.#
....!......##.#
...........##@#
...r......J##<#####.#
........)...r.@.....#
...........####
...........#
.#...)....>#
###########


You could see an ooze, Jessica and 2 quokkas.

Vanquished Creatures
  2 bats (D:1)
  A giant cockroach (D:1)
  3 hobgoblins
  A frilled lizard (D:1)
  2 kobolds (D:1)
  A rat (D:1)
10 creatures vanquished.

Notes
Turn   | Place    | Note
-------+----------+-------------------------------------------
     0 | D:1      | vurker the Gnoll Enchanter began the quest for the Orb.
     0 | D:1      | Reached XP level 1. HP: 13/13 MP: 6/6
   378 | D:1      | Reached XP level 2. HP: 17/19 MP: 7/7
   913 | D:2      | Noticed Jessica
   915 | D:2      | Killed from afar by Jessica

Illustrated notes

Levels and vault maps discovered:
D:1:      minmay_arrival_loop, layout_basic
D:2:      kennysheep_big_flooded_room, layout_loops_ring,
          overflow_temple_1_default, minmay_lizard_king, uniq_jessica

Action                   || total
-------------------------++-------
Melee: Dagger            ||    29
       Bite              ||     1
 Stab: Sleeping          ||     4
Armor: Robe              ||     5
Dodge: Dodged            ||    25

Table legend: (Time is in decaauts)
 A = Elapsed time spent in this place.
 B = Non-inter-level travel time spent in this place.
 C = Inter-level travel time spent in this place.
 D = Time resting spent in this place.
 E = Time spent auto-exploring this place.
 F = Levels seen in this place.
 G = Mean time per level.
                   A        B        C        D        E       F      G
               +--------+--------+--------+--------+--------+-----+--------+
         Total |    911 |    882 |     29 |      0 |    784 |   2 |  455.5 |
       Dungeon |    911 |    882 |     29 |      0 |    784 |   2 |  455.5 |
               +--------+--------+--------+--------+--------+-----+--------+

Top non-repeatable levels by time:
     D:1: 888 daAuts
     D:2: 23 daAuts
